 Dungeon Crawl Stone Soup version 0.19.1-1-g22dce08 (webtiles) character file.

12231 Midelne the Cleaver (level 11, -4/56 HPs)
             Began as a Vine Stalker Fighter on Dec 28, 2016.
             Was a High Priest of Cheibriados.
             Slain by Snorg (5 damage)
             ... on level 10 of the Dungeon.
             The game lasted 00:27:41 (7951 turns).

Midelne the Cleaver (Vine Stalker Fighter)          Turns: 7951, Time: 00:27:42

Health: -4/56      AC: 19    Str: 35    XL:     11   Next: 90%
Magic:  0/16       EV: 17    Int: 24    God:    Cheibriados [*****.]
Gold:   197        SH: 19    Dex: 29    Spells: 2 memorised, 12 levels left

rFire  . . .     SeeInvis .     a - +7 war axe
rCold  . . .     Gourm    .     i - +2 chain mail
rNeg   . . .     Faith    .     c - +0 shield
rPois  .         Spirit   +     m - +2 hat
rElec  .         Reflect  +     G - +0 cloak
rCorr  .         Harm     .     J - +2 pair of gloves
MR     +....                    (no boots)
Stlth  ..........               r - +5 amulet of reflection
                                y - ring of wizardry
                                p - +6 ring of evasion

@: very slow
A: fangs 3, clever 1, regeneration 1, magic shield, antimagic bite, no device
heal 3, rot immunity
a: Bend Time, Temporal Distortion, Slouch, Step From Time, Renounce Religion


You were on level 10 of the Dungeon.
You worshipped Cheibriados.
Cheibriados was extremely pleased with you.
You were not hungry.

You visited 2 branches of the dungeon, and saw 11 of its levels.

You collected 437 gold pieces.
You spent 240 gold pieces at shops.

Inventory:

Hand Weapons
 a - a +7 war axe (weapon)
 z - a +1 antimagic battleaxe
Armour
 c - a +0 shield (worn)
 i - a +2 chain mail (worn)
 m - a +2 hat (worn)
 A - a +0 large shield
 C - a +0 plate armour
 G - a +0 cloak (worn)
 J - a +2 pair of gloves (worn)
Jewellery
 l - an uncursed ring of magical power
 p - a +6 ring of evasion (left hand)
 r - a +5 amulet of reflection (around neck)
 y - a ring of wizardry (right hand)
 F - an uncursed amulet of magic regeneration
Wands
 v - a wand of confusion (36/48)
 w - a wand of flame (19/48)
 B - a wand of acid (6/15)
 D - a wand of lightning (3/15)
 I - a wand of flame (24/48)
 O - a wand of lightning (6/15)
Scrolls
 b - 3 scrolls of remove curse
 j - 2 scrolls of amnesia
 k - 3 scrolls of teleportation
 x - 2 scrolls of fear
 L - a scroll of brand weapon {unknown}
 P - a scroll of recharging {unknown}
 Q - a scroll of silence
 R - a scroll of magic mapping {unknown}
Potions
 d - a potion of resistance
 e - 5 potions of curing
 h - a potion of flight
 H - a potion of invisibility {unknown}
 K - a potion of berserk rage {unknown}
 M - a potion of cure mutation {unknown}
Books
 n - Sif Muna's Handbook of Companions
   (You found it on level 8 of the Dungeon)

   Spells                             Type                      Level
   a - Summon Butterflies             Summoning                    1
   b - Summon Small Mammal            Summoning                    1
   c - Summon Lightning Spire         Summoning/Air                4
   d - Summon Forest                  Summoning/Translocation      5
   e - Dragon's Call                  Summoning                    9
 u - a book of Misfortune

   Spells                             Type                      Level
   a - Confusing Touch                Hexes                        1
   b - Confuse                        Hexes                        3
   c - Gell's Gravitas                Hexes/Translocation          3
   d - Petrify                        Transmutation/Earth          4
   e - Metabolic Englaciation         Hexes/Ice                    5
   f - Yara's Violent Unravelling     Hexes/Transmutation          5
 N - a book of Air

   Spells                             Type                      Level
   a - Shock                          Conjuration/Air              1
   b - Swiftness                      Charms/Air                   2
   c - Repel Missiles                 Charms/Air                   2
   d - Static Discharge               Conjuration/Air              3
   e - Lightning Bolt                 Conjuration/Air              5
Comestibles
 f - 4 bread rations
 g - 6 meat rations
 o - 12 slices of pizza
 q - 3 beef jerkies
 s - 6 fruits
 S - a chunk of flesh


   Skills:
 + Level 6.1 Fighting
 + Level 10.7 Axes
 + Level 6.6 Armour
 + Level 3.3 Dodging
 + Level 0.6 Stealth
 + Level 8.2 Shields
 + Level 3.1 Spellcasting
 * Level 2.4 Summonings
 * Level 3.2 Translocations
 * Level 2.2 Invocations


You had 12 spell levels left.
You knew the following spells:

 Your Spells              Type           Power        Failure   Level  Hunger
a - Gell's Gravitas       Hex/Tloc       ##........   80%         3    ###....
b - Summon Butterflies    Summ           ###.....     16%         1    None


Dungeon Overview and Level Annotations

Branches:
Dungeon (10/15)            Temple (1/1) D:4            Lair (0/6) D:8
    Orc: D:9-12

Altars:
Ashenzari
Cheibriados
Dithmenos
Elyvilon
Fedhas
Gozag
Hepliaklqana
Kikubaaqudgha
Makhleb
Nemelex Xobeh
Okawaru
Qazlal
Ru
Sif Muna
Trog
Uskayaw
Vehumet
Xom
Yredelemnul
Zin
The Shining One

Shops:
D:8 :   D:9 (   D:10 %

Annotations:
D:10 2 runed doors, Snorg


Innate Abilities, Weirdness & Mutations

You have razor-sharp teeth.
Your natural rate of healing is unusually fast.
When hurt, damage is shared between your health and your magic reserves.
Your bite disrupts and absorbs the magic of your enemies.
Potions and wands cannot restore your health.
You are immune to rotting.
Your mind is acute. (Int +2)


Message History

Snorg resists with almost no effort.
Evoking this partially-identified wand wasted a few charges.
You block Snorg's attack. Snorg claws you.
* * * LOW HITPOINT WARNING * * *
You block Snorg's attack.
That item cannot be evoked!
Evoke which item? (* to show all) (? for menu, Esc to quit)
Okay, then.
It was a potion of cancellation.
Your magical effects are unravelling.
You feel magically purged.
You float gracefully downwards.
Snorg bites you!
* * * LOW HITPOINT WARNING * * *
You block Snorg's attack. Snorg claws you but does no damage.
You block Snorg's attack. Snorg misses you. x2
You slash Snorg! You bite Snorg! You drain her power.
You feel invigorated.
Snorg is heavily wounded.
Snorg bites you!
* * * LOW HITPOINT WARNING * * *
You block Snorg's attack. Snorg claws you.
You die...

........# #..
........# #..
........# #..
........# # #..
........###.#
#..
............#
#.. #..T....#
#.. #..###T)#
### #@.# #∩'
#..# ### #<.#
#. #..# #..# #.
#..#
#..##.........#
#. #..#
#..##.........#
#. #..#
#..##.........#
#. #..#
#..##.........#
#. #..#
#..##.........#
#.


You could see Snorg (berserk).

Vanquished Creatures
  A catoblepas (D:8)
  The ghost of archon2 the Arsonist, a journeyman DrFE of Vehumet (D:10)
  A centaur warrior (D:8)
  Maurice (D:9)
  A freezing wraith (D:8)
  A troll (D:8)
  A hippogriff (D:7)
  Sigmund (D:3)
  A shadow (D:8)
  3 hogs (D:7)
  A vampire (D:10)
  16 yaks
  Grum (D:8)
  A human (D:7)
  A hungry ghost (D:7)
  A steam dragon (D:8)
  2 water moccasins
  3 ice beasts
  2 orc warriors
  2 phantoms
  2 sky beasts (D:9)
  6 wolves (D:8)
  10 ogres
  4 centaurs
  A crocodile (D:10)
  2 big kobolds
  5 bullfrogs
  2 gnoll sergeants (D:8)
  4 scorpions
  8 killer bees
  4 wights (D:8)
  3 electric eels (D:8)
  2 howler monkeys
  4 crimson imps
  7 hounds
  A jelly (D:7)
  Crazy Yiuf (D:7)
  2 bullfrog zombies
  A bullfrog skeleton (D:7)
  3 orc priests
  4 iguanas
  2 worker ants
  4 orc wizards
  A worker ant zombie (D:7)
  10 gnolls
  14 adders
  A shadow imp (D:7)
  2 adder skeletons (D:9)
  An adder zombie (D:8)
  7 leopard geckos
  23 orcs
  9 giant cockroaches
  14 goblins
  6 hobgoblins
  10 jackals
  13 kobolds
  7 quokkas
  4 ball pythons
  5 bats
  2 frilled lizards
  A jackal zombie (D:6)
  A leopard gecko skeleton (D:7)
  A quokka skeleton (D:6)
  A quokka zombie (D:6)
  7 rats
  3 fungi (D:7)
267 creatures vanquished.

Vanquished Creatures (others)
  A centaur (D:8)
  4 gnolls (D:8)
  2 orcs (D:8)
  A kobold (D:7)
8 creatures vanquished.

Grand Total: 275 creatures vanquished

Notes
Turn   | Place    | Note
-------+----------+-------------------------------------------
     0 | D:1      | Midelne the Vine Stalker Fighter began the quest for the Orb.
     0 | D:1      | Reached XP level 1. HP: 11/11 MP: 2/2
   160 | D:1      | Reached XP level 2. HP: 16/16 MP: 3/3
   394 | D:1      | Reached skill level 2 in Axes
   621 | D:1      | Reached XP level 3. HP: 19/19 MP: 4/4
  1030 | D:2      | Gained mutation: Your natural rate of healing is unusually fast. [Vine Stalker growth]
  1030 | D:2      | Reached XP level 4. HP: 21/24 MP: 5/5
  1128 | D:2      | Found a faded altar of an unknown god.
  1404 | D:3      | Noticed Sigmund
  1412 | D:3      | Killed Sigmund
  1412 | D:3      | Reached skill level 3 in Axes
  1412 | D:3      | Reached XP level 5. HP: 28/28 MP: 6/6
  1412 | D:3      | Reached XP level 6. HP: 32/32 MP: 7/7
  1415 | D:3      | Reached skill level 4 in Axes
  2061 | D:4      | Found a staircase to the Ecumenical Temple.
  2103 | Temple   | Entered the Ecumenical Temple
  2206 | Temple   | Became a worshipper of Cheibriados the Contemplative
  2521 | D:4      | Reached XP level 7. HP: 9/37 MP: 8/8
  2987 | D:5      | Entered Level 5 of the Dungeon
  3002 | D:5      | Reached skill level 5 in Axes
  3002 | D:5      | Reached skill level 1 in Dodging
  3237 | D:5      | Reached * piety under Cheibriados
  3288 | D:5      | Gained mutation: You have razor-sharp teeth. [Vine Stalker growth]
  3288 | D:5      | Reached XP level 8. HP: 42/42 MP: 9/9
  3551 | D:5      | Reached skill level 5 in Shields
  3837 | D:6      | Reached ** piety under Cheibriados
  3948 | D:6      | Reached skill level 6 in Axes
  4412 | D:6      | Found a hide-covered altar of Uskayaw.
  4492 | D:7      | Reached XP level 9. HP: 44/46 MP: 10/10
  4594 | D:7      | Reached skill level 7 in Axes
  4806 | D:7      | Reached skill level 5 in Armour
  4881 | D:7      | Reached *** piety under Cheibriados
  4881 | D:7      | Reached skill level 5 in Fighting
  4965 | D:7      | Found a shimmering altar of Xom.
  4990 | D:7      | Reached skill level 8 in Axes
  5293 | D:7      | Reached XP level 10. HP: 51/51 MP: 11/11
  5443 | D:7      | Found a runed door.
  5447 | D:7      | Noticed Crazy Yiuf
  5449 | D:7      | Killed Crazy Yiuf
  5682 | D:8      | Noticed Grum
  5688 | D:8      | Reached **** piety under Cheibriados
  5701 | D:8      | Killed Grum
  5701 | D:8      | Reached skill level 9 in Axes
  5902 | D:8      | Found a staircase to the Lair.
  6097 | D:8      | Identified the +3 leather armour of the Peasants {*Contam Str+9 Int+2} (You found it on level 8 of the Dungeon)
  6149 | D:8      | Found Sicvax's Book Emporium.
  6263 | D:8      | Bought a book of Misfortune for 240 gold pieces
  6267 | D:8      | Learned a level 3 spell: Gell's Gravitas
  6400 | D:8      | Reached skill level 1 in Spellcasting
  6402 | D:8      | Reached ***** piety under Cheibriados
  6445 | D:8      | Reached skill level 1 in Translocations
  6447 | D:8      | Noticed a catoblepas
  6449 | D:8      | Noticed a centaur warrior
  6462 | D:8      | Killed a catoblepas
  6462 | D:8      | Reached XP level 11. HP: 24/56 MP: 13/15
  6473 | D:8      | Killed a centaur warrior
  6571 | D:8      | Identified Sif Muna's Handbook of Companions
  6575 | D:8      | Learned a level 1 spell: Summon Butterflies
  6821 | D:9      | Reached skill level 10 in Axes
  6831 | D:9      | Gained mutation: Your mind is acute. (Int +2) [mutagenic meat]
  6851 | D:9      | Noticed Maurice
  6854 | D:9      | Reached skill level 1 in Summonings
  6867 | D:9      | Killed Maurice
  6876 | D:9      | Reached skill level 1 in Invocations
  7044 | D:9      | Found Okofaata's Antique Weapon Shop.
  7184 | D:9      | Found a shattered altar of Ashenzari.
  7286 | D:9      | Found a stormy altar of Qazlal.
  7420 | D:9      | Found an ancient bone altar of Kikubaaqudgha.
  7487 | D:10     | Entered Level 10 of the Dungeon
  7546 | D:10     | Found Seuv's Food Shop.
  7850 | D:10     | Found a runed door.
  7864 | D:10     | Noticed archon2's ghost (journeyman DrFE)
  7886 | D:10     | Killed archon2's ghost
  7919 | D:10     | Found a runed door.
  7941 | D:10     | Noticed Snorg
  7951 | D:10     | HP: 1/56 [Snorg (4)]
  7951 | D:10     | Slain by Snorg

Skill      XL: |  1  2  3  4  5  6  7  8  9 10 11 |
---------------+----------------------------------+-----
Shields        | 3 4 5 6 7 8 |  8.2
Axes           | 2 3 4 5 6 8 9 10 | 10.7
Fighting       | 3 4 5 6 |  6.1
Armour         | 3 4 5 6 |  6.6
Dodging        | 1 2 3 |  3.3
Spellcasting   | 2 3 |  3.1
Translocations | 1 3 |  3.2
Summonings     | 2 |  2.4
Invocations    | 2 |  2.2
Stealth        | |  0.6

Action                   |  1- 3 |  4- 6 |  7- 9 | 10-12 || total
-------------------------+-------+-------+-------+-------++-------
Melee: War axe           |    78 |   122 |   242 |   259 ||   701
       Bite              |    14 |    24 |    88 |   120 ||   246
Invok: Bend Time         |       |       |       |     1 ||     1
Evoke: Wand              |       |       |       |     1 ||     1
  Use: Scroll            |     2 |     1 |    14 |     8 ||    25
       Potion            |       |     4 |     3 |     5 ||    12
  Eat: Chunk             |       |     5 |     4 |     7 ||    16
       Fruit             |       |     1 |     2 |       ||     3
       Royal jelly       |       |       |     1 |       ||     1
Armor: Scale mail        |    12 |       |       |       ||    12
       Chain mail        |    32 |    55 |    74 |    88 ||   249
       Skin              |       |       |     2 |     3 ||     5
Dodge: Dodged            |    20 |    33 |    47 |    78 ||   178
Block: Shield            |    39 |    90 |   207 |   270 ||   606
       Reflection        |       |     1 |     6 |    24 ||    31
